 Dungeon Crawl Stone Soup version 0.23.2-40-g277498a001 (webtiles) character file.

Game seed: 1601800262756182860

173 McKennaii the Conjurer (level 5, -2/38 HPs)
             Began as a Draconian Conjurer on Sept 27, 2019.
             Slain by an ogre
             ... wielding a +0 giant club
              (27 damage)
             ... on level 4 of the Dungeon.
             The game lasted 00:10:35 (3992 turns).

McKennaii the Conjurer (Draconian Conjurer)         Turns: 3992, Time: 00:10:35

Health: -2/38      AC:  7    Str: 11    XL:     5   Next: 28%
Magic:  0/9        EV: 13    Int: 16    God:
Gold:   98         SH:  0    Dex: 11    Spells: 9/10 levels left

rFire    . . .     SeeInvis .     - Unarmed
rCold    . . .     Gourm    .   (no shield)
rNeg     . . .     Faith    .   (armour unavailable)
rPois    .         Spirit   .   (helmet restricted)
rElec    .         Reflect  .   i - +1 cloak
rCorr    .         Harm     .   (no gloves)
MR       +....                  (no boots)
Stlth    ++........             (no amulet)
HPRegen  0.12/turn              f - +1 ring of evasion
MPRegen  0.11/turn              l - ring of protection from magic

@: no status effects
A: unfitting armour, cold-blooded, AC +5
a: no special abilities


You were on level 4 of the Dungeon.
You were not hungry.

You visited 1 branch of the dungeon, and saw 4 of its levels.

You collected 98 gold pieces.

Inventory:

Armour
 i - a +1 cloak (worn)
Jewellery
 f - a +1 ring of evasion (left hand)
 l - a ring of protection from magic (right hand)
Scrolls
 c - a scroll of identify
 d - a scroll of fear
 e - 3 scrolls of teleportation
Potions
 a - 2 potions of curing
Comestibles
 b - 7 rations
 g - a chunk of flesh


   Skills:
 + Level 0.1 Fighting
 + Level 2.3 Dodging
 + Level 2.4 Stealth
 + Level 1.2 Unarmed Combat
 + Level 3.0 Spellcasting
 * Level 5.2 Conjurations


You had 9 spell levels left.
You knew the following spells:

 Your Spells              Type           Power        Failure   Level  Hunger
a - Magic Dart            Conj           ###.         2%          1    #......

Your spell library contained the following spells:

 Spells                   Type           Power        Failure   Level  Hunger
 Searing Ray              Conj           ###...       3%          2    ##.....
 Dazzling Spray           Conj/Hex       ##....       19%         3    ###....
 Iskenderun's Mystic Bla  Conj           ###.....     22%         4    #####..
 Force Lance              Conj/Tloc      ##......     54%         4    #####..
 Fulminant Prism          Conj/Hex       ##........   54%         4    #####..


Dungeon Overview and Level Annotations

Branches:
Dungeon (4/15)
 Temple: D:4-7

Altars:
Ashenzari
Gozag
Trog
The Shining One

Annotations:
D:3 3 runed translucent doors, freakyemo's ghost, amateur TrBe


Innate Abilities, Weirdness & Mutations

Your plain brown scales are hard. (AC +5)
You cannot fit into any form of body armour.
You are cold-blooded and may be slowed by cold attacks.


Message History

Casting: Magic Dart (safe; 2% risk of failure)
Confirm with . or Enter, or press ? or * to list all spells.
Aiming: Magic Dart (safe; 2% risk of failure)
Press: ? - help, Shift-Dir - straight line, f/p - ogre
Aim: an ogre, wielding a +0 giant club (severely wounded)
The magic dart hits the ogre.
The ogre is severely wounded.
The ogre hits you with a +0 giant club!
Unknown command.
You closely miss the ogre. You tail-slap the ogre. Your punch misses the ogre.
The ogre is severely wounded.
The ogre completely misses you.
You hit the ogre.
The ogre is almost dead.
The ogre misses you.
You hit the ogre.
The ogre is almost dead.
The ogre hits you with a +0 giant club!!
Ouch! That really hurt!
You die...

#.[.........##
....#..#......#...##
!...#...#....###...##
............##
###..### $..........#
##...## ...........##
##...# ............##
##...
.............### ###.
......O@.>.....## ##
................## #
.....##..........##
.... ##........<.###
## ?..
###..........###. ..
.............#.. .
................#
#############...#
##..#


You could see an ogre.

Vanquished Creatures
  2 worker ants (D:4)
  5 adders
  A worm (D:2)
  2 dart slugs
  3 leopard geckos
  4 orcs
  3 giant cockroaches
  5 goblins
  7 hobgoblins
  4 jackals (D:3)
  2 quokkas (D:4)
  A ball python (D:3)
  6 bats
  5 frilled lizards
  A giant cockroach zombie (D:4)
  11 kobolds
  9 rats
71 creatures vanquished.

Vanquished Creatures (others)
  A wizard (D:3)
1 creature vanquished.

Grand Total: 72 creatures vanquished

Notes
Turn   | Place    | Note
-------+----------+-------------------------------------------
     0 | D:1      | McKennaii the Draconian Conjurer began the quest for the
                  | Orb.
     0 | D:1      | Reached XP level 1. HP: 14/14 MP: 3/3
   224 | D:1      | Reached XP level 2. HP: 20/20 MP: 1/5
   421 | D:1      | Found a shattered altar of Ashenzari.
   721 | D:1      | Reached XP level 3. HP: 26/26 MP: 0/6
  1916 | D:2      | Reached XP level 4. HP: 32/33 MP: 1/7
  2199 | D:2      | Reached skill level 5 in Conjurations
  2508 | D:3      | Found a bloodstained altar of Trog.
  2641 | D:3      | Noticed a wizard
  2644 | D:3      | Killed a wizard
  2701 | D:3      | Found a runed translucent gate.
  2701 | D:3      | Found a runed translucent gate.
  2701 | D:3      | Found a runed translucent gate.
  2702 | D:3      | Found an opulent altar of Gozag.
  2703 | D:3      | Noticed freakyemo's ghost (amateur TrBe)
  2703 | D:3      | Noticed an ogre
  3195 | D:4      | Noticed an ogre
  3278 | D:4      | Found a glowing golden altar of the Shining One.
  3360 | D:4      | Reached skill level 1 in Unarmed Combat
  3597 | D:4      | Reached XP level 5. HP: 38/38 MP: 6/9
  3992 | D:4      | Slain by an ogre

Skill      XL: |  1  2  3  4  5 |
---------------+----------------+-----
Stealth        | 2 |  2.4
Dodging        | 2 |  2.3
Conjurations   | 5 |  5.2
Unarmed Combat | 1 |  1.2
Spellcasting   | 3 |  3.0
Fighting       | |  0.1

Action                   |  1- 3 |  4- 6 || total
-------------------------+-------+-------++-------
Melee: Unarmed           |    40 |    55 ||    95
       Tailslap          |     3 |     3 ||     6
 Cast: Magic Dart        |    90 |    94 ||   184
  Use: Scroll            |       |     8 ||     8
       Potion            |       |     5 ||     5
 Stab: Sleeping          |       |     1 ||     1
  Eat: Chunk             |     4 |     7 ||    11
Armor: Skin              |    15 |    28 ||    43
Dodge: Dodged            |    33 |    54 ||    87
